 Dungeon Crawl Stone Soup version 0.16-a0-2898-gc475c69 (webtiles) character file.

74 Johnny the Firebug (level 3, -6/28 HPs)
             Began as a Demigod Fire Elementalist on Dec 1, 2014.
             Mangled by a worm (10 damage)
             ... on level 2 of the Dungeon.
             The game lasted 00:02:57 (1686 turns).

Johnny the Firebug (Demigod Fire Elementalist)      Turns: 1686, Time: 00:02:57

Health: -6/28      AC:  2    Str: 11    XL:     3   Next: 86%
Magic:  5/8        EV: 17    Int: 24    God:
Gold:   113        SH:  0    Dex: 18    Spells: 1 memorised, 5 levels left

rFire  . . .     SeeInvis .     r - +1 spear (pain)
rCold  . . .     Clarity  .     a - +0 robe
rNeg   . . .     SustAb   +     (no shield)
rPois  .         Gourm    .     (no helmet)
rElec  .         Spirit   .     (no cloak)
rCorr  .         Warding  .     (no gloves)
rMut   .         Stasis   .     (no boots)
MR     .....                    j - amulet of faith
Stlth  ++........               (no ring)
                                f - +4 ring of evasion

@: brilliant, hasted, very quick, not resistant to hostile enchantments,
unstealthy
A: sustain abilities
a: no special abilities


You were on level 2 of the Dungeon.
You were hungry.

You visited 1 branch of the dungeon, and saw 2 of its levels.

You collected 113 gold pieces.

Inventory:

Hand weapons
 d - a +0 dagger
 r - a +1 spear of pain (weapon)
Armour
 a - a +0 robe (worn)
 l - a +0 leather armour
Jewellery
 f - a +4 ring of evasion (left hand)
 j - an amulet of faith (around neck)
 q - an uncursed ring of teleport control {unknown}
Scrolls
 k - a scroll of teleportation {unknown}
 n - 2 scrolls of remove curse {unknown}
 o - 3 scrolls of identify {unknown}
 p - a scroll of enchant armour {unknown}
 u - a scroll of fear {unknown}
Books
 b - a book of Flames

   Spells                             Type                      Level
   a - Flame Tongue                   Conjuration/Fire             1
   b - Throw Flame                    Conjuration/Fire             2
   c - Conjure Flame                  Conjuration/Fire             3
   d - Inner Flame                    Hexes/Fire                   3
   e - Sticky Flame                   Conjuration/Fire             4
   f - Fireball                       Conjuration/Fire             5
Comestibles
 c - 3 bread rations
 h - a meat ration


   Skills:
 * Level 1.2 Fighting
 * Level 0.5 Polearms
 * Level 2.0 Dodging
 - Level 1.7 Stealth
 * Level 2.2 Spellcasting
 * Level 1.7 Conjurations
 * Level 3.2 Fire Magic


You had 5 spell levels left.
You knew the following spells:

 Your Spells              Type           Power        Failure   Level  Hunger
a - Flame Tongue          Conj/Fire      ####.        1%          1    None


Dungeon Overview and Level Annotations

Branches:
Dungeon (2/15)


Innate Abilities, Weirdness & Mutations

Your attributes are resistant to harm.


Message History

Drink which item? (? for menu, Esc to quit)
You feel better.
It was a potion of curing.
You feel less woody.
Your +0 robe unmelds from your body.
The worm bites you.
* * * LOW HITPOINT WARNING * * *
Unknown command.
Drink which item? (? for menu, Esc to quit)
You feel clever all of a sudden.
It was a potion of brilliance.
The worm barely misses you. The jackal barely misses you.
Unknown command.
Drink which item? (? for menu, Esc to quit)
You feel refreshed.
It was a potion of restore abilities.
The jackal completely misses you. The jackal misses you.
The jackal completely misses you.
Unknown command.
Drink which item? (? for menu, Esc to quit)
You feel yourself speed up.
It was a potion of haste.
The jackal misses you. The jackal completely misses you. The worm bites you!
You die...

.........#### ##......
.............# #.#.....รท.
##......# ..........
##.....(.#### ..........
#...........# ..........
#......(..#..# .#........
##.....((.g# ..[ #........
#......#(#w# #. ##.......
#.....##.#@## .........
#.....##..hh...............
###.................
........
#####......##........(..
.......
#.......^...............
......
#..##.#....##..........
.....
##.##.#....##.......h. ..##
#..#.##..####.###... .##
##...##### ...#### ..


You could see a worm, 3 jackals and a hobgoblin.

Vanquished Creatures
  5 adders (D:2)
  3 ball pythons (D:1)
  A giant cockroach (D:1)
  4 goblins
  4 hobgoblins (D:1)
  5 jackals (D:1)
  A kobold (D:1)
  3 bats
  A giant gecko (D:2)
  2 rats (D:1)
29 creatures vanquished.

Notes
Turn   | Place    | Note
--------------------------------------------------------------
     0 | D:1      | Johnny, the Demigod Fire Elementalist, began the quest for the Orb.
     0 | D:1      | Reached XP level 1. HP: 14/14 MP: 3/3
   160 | D:1      | Reached skill level 1 in Conjurations
   396 | D:1      | Reached XP level 2. HP: 22/22 MP: 2/4
   796 | D:1      | Reached skill level 3 in Fire Magic
  1076 | D:2      | Reached skill level 1 in Fighting
  1217 | D:2      | Reached XP level 3. HP: 23/28 MP: 1/8
  1451 | D:2      | Found an opulent altar of Gozag.
  1686 | D:2      | Mangled by a worm

Action                   || total
-------------------------++-------
Melee: Dagger            ||    33
       Spear             ||    10
 Cast: Flame Tongue      ||    46
  Use: Potion            ||     6
  Eat: Chunk             ||     2
